 Dungeon Crawl Stone Soup version 0.21.1-1-g345015f (webtiles) character file.

1228 teukkam the Ruffian (level 8, 0/84 HPs)
             Began as a Troll Monk on Feb 23, 2018.
             Slain by a wraith (2 damage)
             ... on level 11 of the Dungeon on Mar 6, 2018.
             The game lasted 00:15:33 (2521 turns).

teukkam the Ruffian (Troll Monk)                    Turns: 2521, Time: 00:15:33

Health: 0/84       AC:  7    Str: 21    XL:     8   Next: 23%
Magic:  7/7        EV: 10    Int:  7    God:
Gold:   203        SH:  0    Dex: 12    Spells: 7/7 levels left

rFire    . . .     SeeInvis .     - Unarmed
rCold    . . .     Gourm    +   (no shield)
rNeg     . . .     Faith    .   a - +0 robe
rPois    +         Spirit   .   (helmet restricted)
rElec    .         Reflect  .   f - +1 cloak
rCorr    .         Harm     .   (gloves unavailable)
MR       .....                  (boots unavailable)
Stlth    ++........             (no amulet)
HPRegen  0.64/turn              o - ring of poison resistance
MPRegen  0.10/turn              (no ring)

@: about to teleport, slowed, very slow
A: large, unfitting armour, claws 3, fast metabolism 3, gourmand, regeneration
1, shaggy fur 1, tough skin 2
a: no special abilities


You were on level 11 of the Dungeon.
You were full.

You visited 1 branch of the dungeon, and saw 11 of its levels.

You collected 203 gold pieces.

Inventory:

Hand Weapons
 n - a +0 mace of crushing
Missiles
 h - 11 poisoned needles
Armour
 a - a +0 robe (worn)
 f - a +1 cloak (worn)
Jewellery
 o - a ring of poison resistance (left claw)
Wands
 e - a wand of enslavement (5)
 k - a wand of acid (6)
 r - a wand of digging (15)
Scrolls
 g - a scroll of fear
 i - 2 scrolls of identify
 j - 3 scrolls of remove curse
Potions
 c - 2 potions of lignification
Books
 m - a book of Minor Magic

   Spells                             Type                      Level
   a - Magic Dart                     Conjuration                  1
   b - Blink                          Translocation                2
   c - Call Imp                       Summoning                    2
   d - Slow                           Hexes                        2
   e - Conjure Flame                  Conjuration/Fire             3
   f - Mephitic Cloud                 Conjuration/Poison/Air       3
Comestibles
 b - 3 rations


   Skills:
 + Level 6.3 Fighting
 - Level 2.4 Dodging
 - Level 1.0 Stealth
 + Level 7.6 Unarmed Combat


You had 7 spell levels left.
You didn't know any spells.

Dungeon Overview and Level Annotations

Branches:
Dungeon (11/15)            Temple (0/1) D:6
   Lair: D:8-11         Orc: D:9-12

Altars:
Gozag
Hepliaklqana
Makhleb
Nemelex Xobeh

Shops:
D:2 *

Annotations:
D:4 Sigmund
D:10 Erolcha, Snorg


Innate Abilities, Weirdness & Mutations

You are too large for most types of armour.
You have claws for hands.
Your metabolism is lightning-fast.
You like to eat raw meat.
Your natural rate of healing is unusually fast.
You are covered in fur. (AC +1)
You have very tough skin. (AC +2)


Message History

The wraith hits you but does no damage. The wraith hits you.
* * * LOW HITPOINT WARNING * * *
The wraith drains your vigour!
You feel as though you will be slow longer.
You barely miss the wraith.
The wraith is moderately damaged.
The wraith hits you.
* * * LOW HITPOINT WARNING * * *
The wraith drains your vigour!
You feel as though you will be slow longer.
As you read the scroll of fear, it crumbles to dust.
You assume a fearsome visage.
The cyclops looks frightened!
The wraith is unaffected.
The wraith hits you.
* * * LOW HITPOINT WARNING * * *
The wraith drains your vigour!
You feel as though you will be slow longer.
The wraith hits you but does no damage.
As you read the scroll of teleportation, it crumbles to dust.
You feel strangely unstable. The wraith hits you.
You die...

##.#.#.#..##.##
..........##.## ##
##.#.##......## ..
.....##..##### . #.
.........# ... #.
#......<# ....##.
#.####.##
....$..#####.####.#
.......W@...C.....#
.##.########.######
#.# #.# ###


You could see a cyclops (fleeing) and a wraith.

Vanquished Creatures
  A troll (D:11)
  A water moccasin (D:10)
  A black bear (D:10)
  3 bullfrogs
  A wyvern skeleton (D:7)
  A bullfrog zombie (D:6)
  A quasit (D:10)
  2 hounds
  An orc priest (D:3)
  3 bullfrog skeletons (D:6)
  2 iguanas (D:6)
  3 worker ants
  An orc wizard (D:7)
  3 gnolls (D:10)
  7 adders
  A shadow imp (D:7)
  An adder skeleton (D:10)
  4 dart slugs
  5 leopard geckos
  7 orcs
  A ball python (D:1)
  4 giant cockroaches
  3 goblins
  3 hobgoblins
  11 jackals
  7 kobolds
  3 quokkas
  2 bats (D:1)
  10 frilled lizards
  7 rats
100 creatures vanquished.

Notes
Turn   | Place    | Note
-------+----------+-------------------------------------------
     0 | D:1      | teukkam the Troll Monk began the quest for the Orb.
     0 | D:1      | Reached XP level 1. HP: 22/22 MP: 0/0
    83 | D:1      | Reached XP level 2. HP: 27/29 MP: 1/1
   329 | D:2      | Reached XP level 3. HP: 35/37 MP: 2/2
   446 | D:2      | Found a sparkling altar of Nemelex Xobeh.
   603 | D:2      | Reached skill level 4 in Unarmed Combat
   708 | D:2      | Reached XP level 4. HP: 45/45 MP: 3/3
  1012 | D:2      | Found an opulent altar of Gozag.
  1013 | D:2      | Found Gozag's Platinum Reserve.
  1411 | D:4      | Noticed Sigmund
  1419 | D:4      | Reached XP level 5. HP: 25/54 MP: 4/4
  1534 | D:4      | Found a hazy altar of Hepliaklqana.
  1536 | D:5      | Entered Level 5 of the Dungeon
  1721 | D:6      | Found a burning altar of Makhleb.
  1806 | D:6      | Found a staircase to the Ecumenical Temple.
  1843 | D:6      | Reached skill level 5 in Unarmed Combat
  1875 | D:6      | Reached XP level 6. HP: 52/63 MP: 5/5
  2059 | D:7      | Reached skill level 6 in Unarmed Combat
  2062 | D:7      | Reached skill level 5 in Fighting
  2062 | D:7      | Reached XP level 7. HP: 68/72 MP: 6/6
  2164 | D:10     | Entered Level 10 of the Dungeon
  2268 | D:10     | Noticed a hippogriff
  2289 | D:10     | Reached skill level 7 in Unarmed Combat
  2292 | D:10     | Noticed Erolcha
  2293 | D:10     | Noticed Snorg
  2405 | D:11     | Noticed a troll
  2411 | D:11     | Killed a troll
  2411 | D:11     | Reached XP level 8. HP: 62/83 MP: 7/7
  2472 | D:11     | Noticed a cyclops
  2520 | D:11     | HP: 1/84 [wraith (5)]
  2521 | D:11     | Slain by a wraith

Skill      XL: |  1  2  3  4  5  6  7 |
---------------+----------------------+-----
Fighting       | 3 4 5 6 |  6.3
Unarmed Combat | 4 5 6 7 |  7.6
Dodging        | |  2.4
Stealth        | |  1.0

Action                   |  1- 3 |  4- 6 |  7- 9 || total
-------------------------+-------+-------+-------++-------
Melee: Unarmed           |    85 |   140 |    51 ||   276
       Punch             |     1 |     4 |     1 ||     6
Throw: Tomahawk          |       |     2 |    10 ||    12
  Use: Potion            |       |     2 |     1 ||     3
       Scroll            |       |     4 |     9 ||    13
 Stab: Sleeping          |     2 |     1 |       ||     3
  Eat: Chunk             |    12 |    12 |     2 ||    26
Armor: Robe              |    19 |    46 |    28 ||    93
       Skin              |       |     6 |       ||     6
Dodge: Dodged            |    39 |    69 |    38 ||   146
